 Dungeon Crawl Stone Soup version 0.26-a0-542-gbaa144ba5c (webtiles) character file.

Game seed: 9349777071007973848

72 MrRokkomies the Stinger (level 4, 0/25 HPs)
             Began as a Tengu Venom Mage on Aug 17, 2020.
             Was a Follower of Kikubaaqudgha.
             Slain by an orc
             ... wielding a +0 hand axe
              (4 damage)
             ... on level 3 of the Dungeon.
             The game lasted 00:05:49 (2824 turns).

MrRokkomies the Stinger (Tengu Venom Mage)          Turns: 2824, Time: 00:05:51

Health: 0/25       AC:  2    Str:  8    XL:     4   Next: 25%
Magic:  8/8        EV: 13    Int: 16    God:    Kikubaaqudgha [*.....]
Gold:   120        SH:  0    Dex: 15    Spells: 2/8 levels left

rFire    . . .     SeeInvis .   j - +1 dagger (venom)
rCold    . . .     Faith    .   (no shield)
rNeg     . . .     Spirit   .   a - +0 robe
rPois    .         Reflect  .   (helmet restricted)
rElec    .         Harm     .   (no cloak)
rCorr    .                      (no gloves)
MR       .....                  (boots unavailable)
Stlth    ++........             (no amulet)
HPRegen  0.08/turn              (no ring)
MPRegen  0.11/turn              (no ring)

@: no status effects
A: beak, talons 3
a: Receive Corpses, Renounce Religion


You were on level 3 of the Dungeon.
You worshipped Kikubaaqudgha.
Kikubaaqudgha was aware of your devotion.
You visited 1 branch of the dungeon, and saw 3 of its levels.

You collected 120 gold pieces.

Inventory:

Hand Weapons
 c - a +0 short sword
 i - a +0 dagger of speed
 j - a +1 dagger of venom (weapon)
Missiles
 f - 4 javelins (quivered)
Armour
 a - a +0 robe (worn)
Jewellery
 n - a +6 ring of dexterity
Scrolls
 b - 2 scrolls of teleportation
 d - a scroll of amnesia
 h - a scroll of identify {unknown}
 l - a scroll of enchant armour {unknown}
 m - a scroll of enchant weapon {unknown}
Potions
 e - 2 potions of might {unknown}
 g - 2 potions of ambrosia {unknown}
 k - a potion of brilliance {unknown}


   Skills:
 + Level 1.2 Fighting
 * Level 3.2 Dodging
 - Level 2.0 Stealth
 + Level 2.5 Spellcasting
 - Level 0.7 Transmutations
 * Level 3.7 Poison Magic


You had 2 spell levels left.
You knew the following spells:

 Your Spells              Type           Power        Failure   Level
a - Sting                 Tmut/Pois      #...         8%          1
b - Poisonous Vapours     Pois/Air       #.....       14%         2
c - Mephitic Cloud        Conj/Pois/Air  #.......     34%         3

Your spell library contained the following spells:

 Spells                   Type           Power        Failure   Level
 Animate Skeleton         Necr           #.....       21%         1
 Pain                     Necr           #...         21%         1
 Sublimation of Blood     Necr           #.........   30%         2
 Ignite Poison            Fire/Tmut/Pois #.......     32%         3
 Olgreb's Toxic Radiance  Pois           ##......     38%         4
 Vampiric Draining        Necr           #.........   52%         3


Dungeon Overview and Level Annotations

Branches:
Dungeon (3/15)

Altars:
Kikubaaqudgha
Ru
Yredelemnul
The Shining One


Innate Abilities, Weirdness & Mutations

You have a beak for a mouth.
You have claws for feet.


Message History

The bat hits you. The bat closely misses you. The orc closely misses you.
The bat misses you. The orc hits you with a +0 flail!
* * * LOW HITPOINT WARNING * * *
The bat hits you but does no damage. The bat hits you but does no damage.
The bat misses you. The bat closely misses you. The bat barely misses you.
The bat barely misses you.
You kill the orc!
Kikubaaqudgha accepts your kill. The bat misses you. The bat barely misses you.
You hit the bat. Your kick misses the bat.
The bat is severely wounded.
The bat closely misses you. The bat hits you.
* * * LOW HITPOINT WARNING * * *
The orc hits you with a +0 hand axe.
You die...
Kikubaaqudgha rasps: "You have failed me!
Welcome... death!"

#############........###
............####.........
..............##.........
.............÷##.).......
................o........
................o........
.........................
.....###.......lo........
########........@........
..........#.....b........
......(.(....................#+.
..)...).........................
..........†....................<
....................####........
................................
.......#[.......................
.......#........................


You could see 3 orcs, a leopard gecko and a bat.

Vanquished Creatures
  2 adders
  A worm (D:2)
  A dart slug (D:2)
  3 leopard geckos
  An orc (D:3)
  3 bats
  A giant cockroach (D:1)
  5 goblins
  7 hobgoblins
  A frilled lizard (D:1)
  6 kobolds
  14 rats
45 creatures vanquished.

Notes
Turn   | Place    | Note
-------+----------+-------------------------------------------
     0 | D:1      | MrRokkomies the Tengu Venom Mage began the quest for the
                  | Orb.
     0 | D:1      | Reached XP level 1. HP: 10/10 MP: 4/4
   417 | D:1      | Reached XP level 2. HP: 9/15 MP: 3/6
   421 | D:1      | Learned a level 2 spell: Poisonous Vapours
  1461 | D:1      | Reached XP level 3. HP: 19/20 MP: 7/7
  1702 | D:2      | Found a basalt altar of Yredelemnul.
  1909 | D:2      | Found a sacrificial altar of Ru.
  1914 | D:2      | Reached skill level 1 in Fighting
  2352 | D:2      | Found a glowing golden altar of the Shining One.
  2480 | D:3      | Found a faded altar of an unknown god.
  2493 | D:3      | Learned a level 3 spell: Mephitic Cloud
  2500 | D:3      | Became a worshipper of Kikubaaqudgha
  2500 | D:3      | Reached * piety under Kikubaaqudgha
  2500 | D:3      | Identified Kikubaaqudgha's Grimoire of Evil Rituals
                  | (Kikubaaqudgha gifted it to you on level 3 of the Dungeon)
  2500 | D:3      | Received a gift from Kikubaaqudgha
  2535 | D:3      | Reached XP level 4. HP: 22/25 MP: 8/8
  2824 | D:3      | Slain by an orc

Illustrated notes

Levels and vault maps discovered:
D:1:      dpeg_arrival_rooms_b, layout_loops_corners, minmay_box_of_dots
D:2:      layout_loops_ring, tso_oasis_becter, minitemple
D:3:      layout_basic, marbit_many_paths, lemuel_coloured_pillars_altar,
          chequers_ecumenical_altar_simple

Skill      XL: |  1  2  3 |
---------------+----------+-----
Fighting       | 1 |  1.2
Dodging        | 3 |  3.2
Stealth        | |  2.0
Spellcasting   | |  2.5
Transmutations | |  0.7
Poison Magic   | |  3.7

Action                   |  1- 3 |  4- 6 || total
-------------------------+-------+-------++-------
Melee: Unarmed           |     7 |       ||     7
       Short sword       |    20 |       ||    20
       Kick              |     9 |     2 ||    11
       Peck              |     7 |     1 ||     8
       Dagger            |    46 |    11 ||    57
 Cast: Sting             |    14 |       ||    14
  Use: Scroll            |     3 |       ||     3
 Stab: Sleeping          |     6 |       ||     6
Armor: Robe              |    13 |     2 ||    15
Dodge: Dodged            |    33 |    20 ||    53

Table legend: (Time is in decaauts)
 A = Elapsed time spent in this place.
 B = Non-inter-level travel time spent in this place.
 C = Inter-level travel time spent in this place.
 D = Time resting spent in this place.
 E = Time spent auto-exploring this place.
 F = Levels seen in this place.
 G = Mean time per level.
                   A        B        C        D        E       F      G
               +--------+--------+--------+--------+--------+-----+--------+
         Total |   2819 |   2776 |     43 |    643 |   1767 |   3 |  939.7 |
       Dungeon |   2819 |   2776 |     43 |    643 |   1767 |   3 |  939.7 |
               +--------+--------+--------+--------+--------+-----+--------+

Top non-repeatable levels by time:
     D:1: 1619 daAuts
     D:2: 795 daAuts
     D:3: 404 daAuts
